Description

ViBE (ViBe B2GM - PvP Macro Example - Silver) Copy

Replay - ViBe B2GM - PvP Macro Example - Silver

Build Order

Get SALT Encoding   

  12  0:00  Probe  
  13  0:12  Probe  
  14  0:18  Pylon  
  14  0:24  Probe  
  15  0:36  Probe (Chrono Boost)  
  15  0:38  Gateway  
  16  0:48  Probe x2 (Chrono Boost)  
  18  0:58  Assimilator  
  18  1:03  Probe  
  19  1:15  Probe  
  20  1:23  Nexus  
  20  1:27  Probe  
  21  1:34  Cybernetics Core  
  21  1:39  Probe  
  22  1:44  Pylon  
  22  1:53  Assimilator  
  24  2:11  Stalker, Warp Gate  
  28  2:27  Pylon  
  29  2:34  Robotics Facility  
  30  2:43  Stalker  
  34  2:56  Shield Battery  
  39  3:13  Stalker  
  39  3:18  Pylon  
  44  3:30  Immortal  
  51  3:50  Nexus  
  52  3:56  Pylon  
  52  4:00  Stalker  
  57  4:14  Immortal (Chrono Boost)  
  63  4:30  Assimilator x2  
  65  4:33  Stalker  
  70  4:51  Immortal (Chrono Boost)  
  76  5:05  Stalker  
  81  5:18  Gateway x2  
  81  5:21  Immortal (Chrono Boost)  
  90  5:28  Stalker  
  95  5:45  Nexus  
  96  5:53  Immortal (Chrono Boost)  
  102  6:02  Stalker  
  108  6:13  Stalker x2  
  114  6:20  Assimilator x2  
  114  6:22  Immortal (Chrono Boost)  
  127  6:51  Immortal (Chrono Boost)  
  137  7:01  Forge x2  
  138  7:05  Gateway x4  
  144  7:17  Immortal (Chrono Boost)  
  148  7:25  Assimilator x2  
  148  7:29  Twilight Council  
  148  7:30  Protoss Ground Weapons Level 1 (Chrono Boost), Protoss Ground Armor Level 1 (Chrono Boost)  
  152  7:38  Immortal  
  158  8:05  Nexus  
  170  8:11  Immortal  
  190  8:43  Templar Archives  
  198  9:19  Gateway x2  
  198  9:24  Gateway  
  198  9:28  Protoss Ground Weapons Level 2 (Chrono Boost), Protoss Ground Armor Level 2 (Chrono Boost), Robotics Facility x2  
  196  9:50  High Templar x2  
  200  9:54  Photon Cannon  
  200  9:56  Archon  
  200  9:57  Shield Battery  
Spawning Tool Build Advisor. Get it on Overwolf

Go to:

Details

  • Created by: pepsomo@gmail.com
  • Published on: Oct 27, 2026
  • Modified on: Oct 27, 2026
  • Patch: 5.0.16
  • Difficulty: Easy
Show
View Real Time Build Order
Export as new Build Order

Comments (0)

There are no comments. Be the first!

Create an account to comment!